 Dungeon Crawl Stone Soup version 0.30-a0-311-gf115ab0292 (webtiles) character file.

Game seed: 16537091718137057031

2240 avis the Caller (level 9, -9/56 HPs)
             Began as an Octopode Summoner on Sept 16, 2022.
             Was an Initiate of Gozag.
             Killed from afar by a steam dragon (21 damage)
             ... with a ball of steam
             ... on level 7 of the Dungeon on Oct 25, 2022.
             The game lasted 01:05:48 (8229 turns).

avis the Caller (Octopode Summoner)                 Turns: 8229, Time: 01:05:50

Health: -9/56      AC:  1    Str:  7    XL:     9   Next: 36%
Magic:  5/17       EV: 13    Int: 42    God:    Gozag
Gold:   637        SH:  0    Dex: 12    Spells: 6/19 levels left

rFire   . . .      SeeInvis .    i - +7 war axe of Yesterday {vorpal, Contam rC+ Int+9 Dex-3}
rCold   + . .      Faith    .    (no shield)
rNeg    + + .      Spirit   .    (helmet restricted)
rPois   .          Reflect  .    (no amulet)
rElec   +          Harm     .    A - ring "Qiss" {rElec rN+ Int+6 Dex+2}
rCorr   .          Rampage  .    C - +4 ring of slaying
Will    .....                    D - +6 ring of intelligence
Stlth   +++.......               G - ring of positive energy
HPRegen 0.29/turn                (no ring)
MPRegen 0.15/turn                (no ring)
                                 (no ring)
                                 (no ring)

@: no status effects
A: almost no armour, amphibious, 8 rings, camouflage 1, gelatinous body 1,
(nimble swimmer 1), tentacles
a: Renounce Religion, Potion Petition, Call Merchant, Bribe Branch


You were on level 7 of the Dungeon.
You worshipped Gozag.
Gozag was pleased with you.
You visited 2 branches of the dungeon, and saw 8 of its levels.
You also visited: Ossuary.

You collected 776 gold pieces.
You paid 139 gold pieces to Gozag.

Inventory:

Hand Weapons
 a - a +2 dagger of venom
 b - a +1 flail of holy wrath
 c - a +0 shortbow
 e - a +0 dagger of draining
 i - the +7 war axe of Yesterday (weapon) {vorpal, Contam rC+ Int+9 Dex-3}
   (You found it on level 5 of the Dungeon)

   It inflicts extra damage upon your enemies.
   Int:       It affects your intelligence (+9).
   Dex:       It affects your dexterity (-3).
   rC:        It protects you from cold.
   Contam:    It causes magical contamination when unequipped.
 j - a +0 dagger of electrocution
 w - a +0 sling
Missiles
 m - 5 boomerangs
 H - 5 atropa-tipped darts
Jewellery
 y - a ring of ice
 A - the ring "Qiss" (left tentacle) {rElec rN+ Int+6 Dex+2}
   (You took it off Edmund on level 4 of the Dungeon)

   [ring of intelligence]

   Int:       It affects your intelligence (+6).
   Dex:       It affects your dexterity (+2).
   rElec:     It insulates you from electricity.
   rN:        It protects you from negative energy.
 C - a +4 ring of slaying (right tentacle)
 D - a +6 ring of intelligence (on tentacle)
 G - a ring of positive energy (on tentacle)
Wands
 E - a wand of flame (16)
Scrolls
 d - a scroll of immolation {unknown}
 f - 2 scrolls of vulnerability {unknown}
 g - a scroll of blinking {unknown}
 k - 2 scrolls of teleportation {unknown}
 l - 3 scrolls of fear {unknown}
 n - 3 scrolls of silence {unknown}
 p - 2 scrolls of noise {unknown}
 q - 3 scrolls of magic mapping {unknown}
 r - 2 scrolls of enchant weapon
 s - a scroll of acquirement {unknown}
 u - 3 scrolls of summoning {unknown}
 v - a scroll of amnesia {unknown}
 x - a scroll of poison {unknown}
 B - 2 scrolls of enchant armour {unknown}
Potions
 h - a potion of ambrosia
 o - 3 potions of lignification
 t - 4 potions of curing
 z - a potion of heal wounds
 F - a potion of magic
 I - a potion of resistance
 J - a potion of berserk rage {unknown}


   Skills:
 - Level 3.0 Fighting
 - Level 3.0 Dodging
 - Level 3.0 Stealth
 + Level 5.9 Spellcasting
 - Level 5.0 Hexes
 + Level 6.9 Summonings
 * Level 5.7 Air Magic


You had 6 spell levels left.
You knew the following spells:

 Your Spells              Type           Power      Damage    Failure   Level
a - Summon Small Mammal   Summ           100%       N/A       1%          1
c - Call Imp              Summ           63%        N/A       1%          2
d - Call Canine Familiar  Summ           63%        N/A       1%          3
g - Summon Guardian Gole  Hex/Summ       58%        N/A       1%          3
l - Summon Lightning Spi  Summ/Air       60%        N/A       1%          4

Your spell library contained the following spells:

 Spells                   Type           Power      Damage    Failure   Level
 Static Discharge         Conj/Air       72%        2-5/arc   1%          2
 Magic Dart               Conj           48%        1d5       2%          1
 Searing Ray              Conj           24%        2d5       3%          2
 Ignite Poison            Fire/Tmut/Pois 12%        N/A       7%          3
 Fulminant Prism          Conj/Hex       16%        3d11      9%          4
 Dispel Undead            Necr           12%        3d9       24%         4
 Sticky Flame             Conj/Fire      12%        2d4       24%         4


Dungeon Overview and Level Annotations

Branches:
Dungeon (7/15)             Temple (1/1) D:4         Ossuary (visited)

Altars:
Ashenzari
Cheibriados
Elyvilon
Fedhas
Gozag
Hepliaklqana
Kikubaaqudgha
Makhleb
Okawaru
Qazlal
Ru
Sif Muna
Trog
Uskayaw
Wu Jian
Xom
Yredelemnul
Zin

Annotations:
D:7 Duvessa


Innate Abilities, Weirdness & Mutations

You cannot wear most types of armour.
You are amphibious.
You can wear up to eight rings at the same time.
Your skin changes colour to match your surroundings (Stealth+).
Your rubbery body absorbs attacks. (AC +1, EV +1)
((You are camouflaged when in or above water. (Stealth+)))
You have tentacles for arms and can constrict up to eight enemies at once.


Message History

t - Shout!
Orders for allies: a - Attack new target. r - Retreat! s - Stop attacking. g - Guard the area. f - Follow me.
Anything else - Cancel.
Gang up on whom?
Press: ? - help, Dir - move target, f - Duvessa
Aim: Duvessa, wielding a +0 short sword and wearing a +2 leather armour of willpower (ally target) Attack!
Duvessa goes berserk!
Duvessa is distracted by your dazzling golden aura.
Your guardian golem is engulfed in blazing flames.
Your wolf closely misses Duvessa.
A wyvern comes into view.
Your wolf bites Duvessa!
Duvessa is no longer distracted by gold.
Duvessa is distracted by your dazzling golden aura.
Your wolf closely misses Duvessa.
Your guardian golem is engulfed in blazing flames.
Duvessa shouts!
Your wolf closely misses Duvessa.
What are your orders? t - Shout!
Orders for allies: a - Attack new target. p - Attack previous target. r - Retreat! s - Stop attacking. g - Guard the area. f - Follow me.
Anything else - Cancel.
Gang up on whom?
Press: ? - help, Dir - move target, f/p - Duvessa
Aim: Duvessa, wielding a +0 short sword and wearing a +2 leather armour of willpower (lightly wounded, berserk, ally target) Attack!
Your wolf closely misses Duvessa.
A steam dragon comes into view.
Your wolf bites Duvessa.
Duvessa is no longer distracted by gold.
Your wolf closely misses Duvessa.
The wyvern bites your lightning spire but does no damage.
Duvessa hits your guardian golem but does no damage.
The steam dragon breathes steam at you. The ball of steam hits you!!
You die...
Your body crumbles into a pile of gold.

#........... #
##(.......... . #.
#............ .
#.. #....he......
. #.. #....9## .
.#...#..☼...####..
.
.......☼$§l.......
.
.#....D○§8##.##.#.
? #####.##@.###
...#$.## ###...>$
. .....$.. .
#.......... .
#.......#... .
......####...
...... ...#


You could see Duvessa (berserk, ally target), a steam dragon (catching breath),
a wyvern (ally target), a friendly guardian golem (summoned), a friendly wolf
(summoned, sheltered) and a friendly lightning spire (summoned, sheltered).

Vanquished Creatures
  An adder (D:3)
  A worm (D:3)
  A dart slug (D:4)
  2 orcs (D:3)
  4 endoplasms
  A giant cockroach (D:2)
  6 goblins
  A hobgoblin (D:4)
  A jackal (D:1)
  4 quokkas
  2 ball pythons
  5 bats
  4 frilled lizards
  3 kobolds
  2 rats
38 creatures vanquished.

Vanquished Creatures (collateral kills)
  A steam dragon (D:6)
  Edmund (D:4)
  A water moccasin (D:5)
  A sky beast (D:7)
  An ice beast (D:6)
  A centaur (D:7)
  2 ogres
  4 phantoms
  Blork the orc (D:6)
  A bullfrog (D:7)
  3 scorpions
  Dowan (D:7)
  A gnoll bouda (D:7)
  3 hounds (D:4)
  A jelly (D:4)
  An orc priest (D:6)
  4 iguanas
  6 orc wizards
  8 mummies (Ossuary)
  Robin (D:4)
  4 adders
  6 gnolls
  A shadow imp (D:4)
  A white imp (D:5)
  3 dart slugs
  10 orcs
  5 ball pythons
  4 endoplasms
  3 giant cockroaches
  3 gnoll zombies (Ossuary)
  11 goblins
  7 hobgoblins
  A jackal (D:1)
  2 quokkas
  A bat (D:3)
  6 frilled lizards
  A hobgoblin zombie (Ossuary)
  3 kobolds
  A kobold zombie (Ossuary)
  3 orc zombies (Ossuary)
  5 rats
124 creatures vanquished.

Vanquished Creatures (others)
  Ijyb (D:4)
  A goblin (D:4)
2 creatures vanquished.

Grand Total: 164 creatures vanquished

Notes
Turn   | Place    | Note
-------+----------+-------------------------------------------
     0 | D:1      | avis the Octopode Summoner began the quest for the Orb.
     0 | D:1      | Reached XP level 1. HP: 11/11 MP: 3/3
   152 | D:1      | Reached skill level 1 in Fighting
   350 | D:1      | Reached XP level 2. HP: 13/18 MP: 1/5
   764 | D:1      | Learned a level 2 spell: Call Imp
   828 | D:1      | Reached XP level 3. HP: 13/24 MP: 2/6
  1196 | D:1      | Learned a level 3 spell: Call Canine Familiar
  1901 | D:2      | Reached XP level 4. HP: 29/29 MP: 3/8
  3458 | D:3      | Learned a level 3 spell: Summon Guardian Golem
  3603 | D:3      | Reached XP level 5. HP: 27/34 MP: 10/10
  3817 | D:4      | Reached skill level 1 in Hexes
  3837 | D:4      | Found a sand-covered staircase.
  3875 | Ossuary  | Entered an ossuary
  4042 | Ossuary  | Reached XP level 6. HP: 39/39 MP: 3/11
  4264 | Ossuary  | Reached skill level 5 in Summonings
  4464 | D:4      | Learned a level 4 spell: Summon Lightning Spire
  4536 | D:4      | Reached XP level 7. HP: 45/45 MP: 5/13
  4609 | D:4      | Noticed Edmund
  4611 | D:4      | Upgraded the game from 0.30-a0-122-g2a1322497e to
                  | 0.30-a0-292-g0f741e3f8e
  4642 | D:4      | Identified the ring "Qiss" {rElec rN+ Int+6 Dex+2}
  4657 | D:4      | Killed Edmund
  4673 | D:4      | Noticed Robin
  4692 | D:4      | Killed Robin
  4933 | D:4      | Found a staircase to the Ecumenical Temple.
  4994 | D:4      | Reached skill level 1 in Air Magic
  5294 | D:4      | Noticed Ijyb
  5312 | D:4      | Killed Ijyb
  5507 | D:5      | Entered Level 5 of the Dungeon
  5727 | Temple   | Entered the Ecumenical Temple
  5857 | Temple   | Became a worshipper of Gozag Ym Sagoz the Greedy
  5928 | D:5      | Reached XP level 8. HP: 45/50 MP: 4/15
  6166 | D:5      | Reached skill level 6 in Summonings
  6396 | D:5      | Reached skill level 5 in Spellcasting
  6740 | D:5      | Identified the +7 war axe of Yesterday {vorpal, Contam rC+
                  | Int+9 Dex-3}
  7024 | D:6      | Reached skill level 5 in Hexes
  7131 | D:6      | Noticed Blork the orc
  7145 | D:6      | Killed Blork the orc
  7401 | D:6      | Identified the +7 short sword "Desaq" {vorpal, *Noise rPois
                  | Str+8 SInv}
  7483 | D:6      | Reached XP level 9. HP: 55/55 MP: 3/17
  7921 | D:6      | Upgraded the game from 0.30-a0-292-g0f741e3f8e to
                  | 0.30-a0-311-gf115ab0292
  8037 | D:7      | Reached skill level 5 in Air Magic
  8197 | D:7      | Noticed Duvessa
  8201 | D:7      | Noticed Dowan
  8221 | D:7      | Killed Dowan
  8229 | D:7      | Killed from afar by a steam dragon

Illustrated notes

Levels and vault maps discovered:
D:1:      mrwooster_arrival_arrow, layout_loops_ring
D:2:      layout_basic, serial_curves, eino_curves_01, eino_curves_03,
          minmay_lizard_pond
D:3:      layout_loops_cross
D:4:      kennysheep_the_goblin_king, layout_cave_pools,
          minmay_temple_entry_glass, enter_ossuary_2, uniq_robin, uniq_edmund
D:5:      layout_gridville
D:6:      layout_cave_pools, uniq_blork_the_orc
D:7:      layout_cave_pools, mainiacjoe_overflow_cross_hatched, uniq_duvessa
Temple:   nicolae_temple_bog_church

Skill      XL: |  1  2  3  4  5  6  7  8  9 |
---------------+----------------------------+-----
Fighting       | 1 2 3 |  3.0
Stealth        | 3 |  3.0
Spellcasting   | 3 4 5 |  5.9
Hexes          | 2 3 4 5 |  5.0
Summonings     | 5 6 |  6.9
Air Magic      | 2 4 5 |  5.7
Dodging        | 3 |  3.0

Action                   |  1- 3 |  4- 6 |  7- 9 || total
-------------------------+-------+-------+-------++-------
Melee: Unarmed           |    28 |       |       ||    28
       Tentacles         |     9 |     3 |     2 ||    14
       Constrict         |     7 |     9 |     2 ||    18
       Triple sword      |       |    41 |    10 ||    51
       Dagger            |       |       |     1 ||     1
 Cast: Summon Small Mamm |    26 |     2 |       ||    28
       Call Imp          |     9 |    11 |    18 ||    38
       Call Canine Famil |     5 |    15 |    16 ||    36
       Summon Guardian G |       |       |    25 ||    25
       Summon Lightning  |       |       |    21 ||    21
  Use: Scroll            |       |       |     7 ||     7
 Stab: Sleeping          |     3 |     9 |     3 ||    15
Armor: Skin              |     3 |     4 |     4 ||    11
Dodge: Dodged            |    20 |    28 |    20 ||    68

Table legend: (Time is in decaauts)
 A = Elapsed time spent in this place.
 B = Non-inter-level travel time spent in this place.
 C = Inter-level travel time spent in this place.
 D = Time resting spent in this place.
 E = Time spent auto-exploring this place.
 F = Levels seen in this place.
 G = Mean time per level.
                   A        B        C        D        E       F      G
               +--------+--------+--------+--------+--------+-----+--------+
         Total |   8270 |   7736 |    534 |   2552 |   3059 |   9 |  918.9 |
       Dungeon |   7560 |   7043 |    517 |   2299 |   2956 |   7 | 1080.0 |
        Temple |    144 |    127 |     17 |      0 |    103 |   1 |  144.0 |
       Ossuary |    565 |    565 |      0 |    253 |      0 |   1 |  565.0 |
               +--------+--------+--------+--------+--------+-----+--------+

Top non-repeatable levels by time:
     D:1: 1461 daAuts
     D:5: 1365 daAuts
     D:3: 1305 daAuts
     D:4: 1216 daAuts
     D:2: 1115 daAuts
     D:6: 831 daAuts
 Ossuary: 565 daAuts
     D:7: 264 daAuts
  Temple: 144 daAuts
